Map: Arctic Dream LE

Players

terminator

  • Race: Protoss Protoss
  • League: Platinum
  • Spawn Location: 5:00

Predator

  • Race: Terran Terran
  • Spawn Location: 6:00

qqq - Winner!

  • Race: Zerg Zerg
  • Spawn Location: 11:00

Massa - Winner!

  • Race: Terran Terran
  • League: Platinum
  • Spawn Location: 12:00

VOD

Have the link to the VOD?

Description

Time

  • Played on: Oct. 6, 2020, 3:09 p.m.
  • Length: 21:02
Show
View Real Time Build Order
Export as new Build Order

terminator Protoss 

Build Orders: Carriers, Dark Templar Rush 

Get SALT Encoding   

  12  0:00  Probe  
  13  0:12  Probe  
  14  0:17  Pylon  
  14  0:24  Probe  
  15  0:36  Probe  
  15  0:38  Gateway  
  16  0:46  Assimilator  
  16  0:48  Probe  
  17  1:01  Probe  
  18  1:13  Probe  
  19  1:25  Probe  
  19  1:29  Cybernetics Core  
  19  1:31  Pylon  
  19  1:33  Gateway  
  19  1:37  Probe  
  20  1:48  Assimilator  
  20  1:49  Probe  
  21  2:01  Probe  
  21  2:06  Warp Gate  
  22  2:13  Probe  
  23  2:20  Stalker x2  
  27  2:26  Probe, Pylon  
  28  2:34  Twilight Council  
  28  2:50  Adept x2  
  32  3:11  Nexus  
  32  3:15  Shield Battery  
  32  3:21  Shield Battery  
  32  3:26  Shield Battery  
  32  3:28  Shield Battery  
  32  3:33  Probe  
  33  3:45  Dark Shrine  
  33  3:51  Pylon  
  33  3:58  Gateway  
  33  4:05  Gateway  
  33  4:10  Probe  
  34  4:22  Stalker  
  34  4:23  Stalker  
  38  4:28  Probe  
  39  4:36  Probe  
  40  4:40  Probe  
  41  4:46  Stalker  
  41  4:51  Charge  
  43  4:53  Probe (Chrono Boost)  
  43  4:55  Probe (Chrono Boost)  
  45  5:04  Probe (Chrono Boost)  
  45  5:05  Probe (Chrono Boost)  
  47  5:08  Dark Templar  
  47  5:09  Dark Templar  
  47  5:13  Stalker  
  53  5:18  Dark Templar  
  41  5:56  Stalker x3  
  41  5:57  Stalker  
  43  6:02  Assimilator  
  43  6:03  Probe  
  43  6:04  Probe, Assimilator  
  45  6:16  Probe x2  
  47  6:38  Probe  
  46  6:45  Probe  
  47  6:49  Stalker x2  
  47  6:50  Probe, Stalker  
  54  6:57  Probe  
  55  7:03  Probe  
  55  7:05  Stalker  
  56  7:09  Probe  
  49  7:25  Stalker x3  
  45  7:56  Pylon  
  45  8:03  Pylon  
  45  8:04  Pylon  
  45  8:08  Probe  
  46  8:13  Pylon  
  46  8:14  Probe  
  46  8:17  Pylon  
  46  8:19  Dark Templar  
  41  8:20  Probe, Dark Templar  
  41  8:26  Probe  
  45  8:32  Probe  
  46  8:38  Probe (Chrono Boost)  
  47  8:43  Stargate  
  47  8:44  Stargate  
  47  8:47  Nexus  
  48  8:49  Probe (Chrono Boost)  
  48  8:50  Probe (Chrono Boost)  
  49  8:58  Probe (Chrono Boost)  
  49  9:00  Probe (Chrono Boost)  
  51  9:05  Probe  
  51  9:09  Probe  
  53  9:17  Probe  
  52  9:37  Void Ray x2  
  50  9:40  Stalker x4  
  66  9:51  Pylon  
  66  9:53  Pylon  
  66  9:56  Assimilator  
  66  9:58  Gateway  
  66  9:59  Gateway  
  66  10:01  Assimilator  
  66  10:08  Nexus  
  66  10:09  Stalker  
  66  10:12  Stalker  
  70  10:20  Void Ray  
  70  10:21  Void Ray  
  78  10:33  Stalker  
  80  10:35  Stalker  
  82  10:45  Protoss Air Weapons Level 1  
  82  10:48  Dark Templar x2  
  86  10:52  Archon  
  58  11:12  Stalker  
  48  11:38  Dark Templar x5  
  46  11:50  Assimilator  
  46  11:51  Probe x2  
  46  11:53  Probe  
  49  11:55  Assimilator  
  49  11:57  Pylon  
  49  12:00  Pylon  
  49  12:03  Probe x2  
  49  12:05  Probe  
  52  12:15  Probe x2  
  54  12:27  Probe x2, Fleet Beacon  
  52  12:39  Probe x2  
  48  12:49  Stalker x5  
  48  12:50  Stalker  
  60  13:03  Probe, Gateway  
  60  13:04  Probe x2, Gateway  
  63  13:07  Gateway  
  63  13:15  Probe  
  63  13:16  Probe x2  
  66  13:27  Probe  
  66  13:28  Probe  
  64  13:53  Carrier x2 (Chrono Boost)  
  64  14:01  Sentry x3  
  64  14:02  Stalker x3  
  88  14:17  Stalker x3  
  88  14:46  Carrier x2 (Chrono Boost)  
  88  14:52  Nexus  
  100  14:57  Mothership  
  106  15:19  Protoss Air Weapons Level 2  
  106  15:37  Stalker  
  106  15:38  Stalker x4  
  116  15:43  Pylon  
  116  15:45  Pylon  
  116  15:47  Pylon  
  116  15:48  Pylon  
  112  16:00  Carrier  
  112  16:01  Carrier  
  99  16:36  Dark Templar x6  
  104  17:24  Tempest x2 (Chrono Boost)  
  114  17:49  Probe  
  114  17:50  Probe  
  116  17:52  Probe  
  116  17:58  Probe, Void Ray x2 (Chrono Boost)  
  117  18:01  Probe  
  117  18:02  Probe  
  117  18:04  Probe  
  129  18:10  Probe  
  130  18:14  Probe  
  131  18:30  Pylon  
  131  18:32  Pylon  
  131  18:34  Pylon  
  75  19:36  Stalker x6  
  75  19:37  Stalker x3  
  66  20:02  Stalker x5  
  66  20:03  Stalker x4  
  54  20:36  Stalker x2  
  54  20:37  Stalker x5  
  54  20:38  Stalker x2  
Show
View Real Time Build Order
Export as new Build Order

Predator Terran 

Build Orders:  

Get SALT Encoding   

  12  0:03  SCV  
  13  0:19  Supply Depot  
  13  0:22  SCV  
  14  0:34  SCV  
  15  0:43  Barracks  
  15  0:46  SCV  
  15  0:49  Refinery  
  16  0:59  SCV  
  17  1:11  SCV  
  18  1:23  SCV  
  19  1:35  SCV  
  19  1:36  Reaper  
  19  1:38  Supply Depot  
  21  1:47  SCV  
  22  1:54  Command Center  
  22  1:59  SCV  
  23  2:05  Refinery  
  23  2:11  SCV  
  24  2:23  SCV  
  25  2:33  Factory  
  25  2:42  Barracks Reactor  
  25  2:49  Orbital Command  
  25  3:40  Starport  
  25  3:42  Marine x2  
  25  3:46  SCV  
  28  3:50  SCV  
  29  3:58  SCV  
  29  4:00  Marine x2  
  29  4:02  Factory Tech Lab, SCV  
  33  4:10  Command Center  
  33  4:11  SCV  
  33  4:14  SCV  
  35  4:18  Marine x2  
  35  4:23  SCV  
  38  4:27  SCV  
  38  4:28  Siege Tank  
  38  4:30  Medivac  
  44  4:35  SCV  
  44  4:36  Marine  
  46  4:38  Supply Depot  
  46  4:42  Supply Depot  
  46  4:51  Barracks  
  46  4:55  Barracks  
  46  5:00  SCV x2, Marine x2  
  46  5:05  Supply Depot  
  50  5:12  SCV x2  
  52  5:17  Marine x2  
  54  5:24  SCV  
  55  5:35  Marine  
  55  5:36  SCV  
  57  5:44  Marine  
  57  5:45  Siege Tank  
  57  5:47  Command Center  
  57  5:48  SCV  
  62  5:53  Marine  
  63  6:18  SCV x2  
  65  6:30  SCV x2  
  67  6:38  Marine x2  
  69  6:40  Barracks Tech Lab  
  69  6:41  Barracks Tech Lab  
  69  6:42  SCV x2  
  69  6:43  Infernal Pre-Igniter  
  72  6:54  SCV x2  
  72  6:56  Marine x2  
  72  6:57  Refinery  
  72  7:01  Refinery  
  75  7:06  Starport Tech Lab, SCV  
  76  7:09  Starport Reactor  
  76  7:11  Siege Tank  
  76  7:13  Marine  
  80  7:29  Marauder x2  
  83  7:43  Siege Tank  
  78  7:50  Marauder  
  78  7:51  Marauder  
  82  8:12  Marauder x2  
  80  8:17  Combat Shield  
  80  8:18  Stimpack  
  80  8:20  Marine x2  
  82  8:28  Barracks, Medivac x2  
  86  8:38  Marine x2  
  86  8:39  Engineering Bay  
  88  8:46  Orbital Command  
  88  8:55  Marine  
  88  8:56  Refinery, Marine  
  88  8:58  Medivac x2  
  88  8:59  SCV x2  
  88  9:00  SCV  
  97  9:03  Supply Depot  
  97  9:06  Engineering Bay  
  97  9:11  SCV x2  
  97  9:12  SCV  
  97  9:15  Barracks  
  97  9:16  Barracks Reactor  
  100  9:20  Refinery  
  100  9:24  SCV x2, Marine x2  
  100  9:25  Marauder x2, Supply Depot  
  100  9:27  Supply Depot  
  100  9:31  SCV  
  108  9:37  SCV x2  
  108  9:42  Marine  
  108  9:46  SCV, Marine  
  108  9:47  Marauder x2  
  108  9:48  Supply Depot  
  108  9:49  SCV x2  
  108  9:50  Supply Depot  
  108  9:51  Siege Tank  
  119  9:58  SCV  
  120  10:00  Marine  
  120  10:03  Barracks Tech Lab  
  120  10:04  Barracks, Marine x2  
  120  10:05  Marine  
  124  10:10  Marauder x2  
  124  10:11  Terran Infantry Armor Level 1, Terran Infantry Weapons Level 1, Supply Depot  
  128  10:14  Supply Depot  
  128  10:18  Marine  
  128  10:20  Missile Turret  
  129  10:22  Marine x2  
  129  10:23  Marine, Siege Tank  
  129  10:25  Supply Depot  
  135  10:30  Marine, Medivac x2  
  135  10:32  Marine  
  141  10:37  Supply Depot x2  
  141  10:40  Marine x2  
  141  10:41  Missile Turret  
  143  10:49  Supply Depot  
  143  10:55  Siege Tank  
  146  10:58  Marine x2  
  146  10:59  Supply Depot  
  146  11:03  Missile Turret  
  138  11:11  Supply Depot  
  130  11:23  Supply Depot  
  125  11:28  Siege Tank  
  128  11:34  Supply Depot  
  127  11:47  Supply Depot  
  114  12:00  Siege Tank  
  103  12:17  Viking  
  103  12:21  Marine x6  
  111  12:28  Supply Depot  
  111  12:30  Supply Depot  
  111  12:32  Siege Tank  
  114  12:39  Marine x4  
  114  12:40  Marauder x2  
  122  12:52  Supply Depot  
  122  12:53  Command Center, Supply Depot  
  122  12:56  Marine  
  122  12:57  Marine x3  
  126  13:01  Marauder x2  
  124  13:14  Marine  
  124  13:15  Marine x3, Supply Depot  
  124  13:17  Supply Depot  
  122  13:23  Marauder x2  
  110  13:32  Marine  
  110  13:33  Marine x3  
  112  13:38  Supply Depot  
  112  13:39  Supply Depot  
  102  13:43  Marine  
  102  13:44  Marauder  
  104  13:50  Marine x4  
  106  14:00  Barracks Tech Lab  
  106  14:02  Marauder  
  106  14:04  Marine  
  106  14:05  Marauder  
  106  14:08  Marine x4  
  113  14:22  Marine  
  113  14:23  Marauder  
  114  14:25  Marine  
  114  14:26  Marine x3  
  114  14:27  Marauder  
  116  14:40  Marine  
  116  14:45  Marauder  
  112  14:48  Marine  
  111  14:58  Marauder  
  112  15:01  Marine  
  112  15:02  Marauder, Marine  
  112  15:03  Marine x2  
  112  15:05  Marine  
  112  15:06  Marauder  
  121  15:18  Marine  
  121  15:20  Marauder, Marine x3  
  114  15:23  Marauder  
  114  15:24  Marauder  
  114  15:27  Marauder  
  109  15:36  Marine  
  109  15:38  Marine x3  
  109  15:41  Marauder  
  115  15:45  Marauder, Marine  
  115  15:48  Marine  
  112  15:54  Marine  
  112  15:56  Marine x3  
  102  16:02  Marine x2  
  89  16:05  Marine  
  89  16:06  Marine  
  73  16:12  Marine  
  73  16:13  Marine  
  73  16:14  Marine x2  
  70  16:20  Marine x2  
  70  16:23  Marine  
  70  16:24  Marine  
  74  16:30  Marine  
  74  16:31  Marine  
  74  16:32  Marine x2  
  74  16:38  Marauder  
  74  16:39  Marauder  
  75  16:42  Marauder x2  
  61  16:58  Starport  
  61  16:59  Fusion Core  
  61  17:00  SCV  
  62  17:13  SCV  
  63  17:25  SCV  
  64  17:30  Marine x2  
  64  17:31  Marine x6  
  64  17:36  Starport  
  72  17:37  SCV  
  73  17:48  Marine x4  
  73  17:49  Marauder x4  
  85  18:10  Marauder x3  
  85  18:11  Marauder  
  66  18:28  Marine  
  66  18:32  Marauder x4  
  66  18:33  Starport Tech Lab x2  
  56  18:53  Marauder  
  54  18:57  Battlecruiser  
  54  18:58  Battlecruiser  
  64  19:24  Marine x4  
  55  19:25  Marine x4  
  63  19:43  Marauder x3  
  58  20:01  SCV  
  61  20:13  SCV  
  60  20:25  SCV  
  55  20:37  SCV  
  55  20:38  Marine  
  55  20:39  Marine  
  55  20:40  Marine x4  
  54  20:49  SCV  
Show
View Real Time Build Order
Export as new Build Order

qqq Zerg - Winner!

Build Orders: Hatch First 

Get SALT Encoding   

  12  0:02  Drone  
  13  0:08  Drone  
  14  0:35  Hatchery  
  13  0:43  Drone  
  14  0:58  Spawning Pool  
  14  1:04  Overlord  
  13  1:08  Drone  
  14  1:18  Overlord  
  14  1:22  Drone  
  15  1:27  Drone  
  16  1:41  Drone  
  16  1:46  Roach Warren  
  16  1:53  Drone  
  17  1:54  Drone  
  18  2:06  Queen  
  20  2:09  Drone  
  20  2:12  Extractor, Drone  
  21  2:19  Queen  
  22  2:23  Drone  
  22  2:28  Drone  
  24  2:33  Drone x2  
  24  2:34  Drone  
  27  2:39  Drone  
  28  2:47  Roach  
  28  2:51  Drone  
  31  2:58  Roach  
  33  3:01  Drone  
  34  3:06  Roach  
  36  3:15  Overlord  
  36  3:17  Overlord  
  36  3:18  Overlord  
  36  3:22  Extractor  
  36  3:24  Drone  
  36  3:29  Overlord  
  36  3:34  Roach  
  36  3:35  Roach x2  
  36  3:36  Drone x2  
  44  3:46  Drone  
  44  3:47  Roach  
  47  3:51  Roach  
  49  3:56  Roach  
  51  4:04  Roach x2  
  51  4:07  Roach  
  57  4:12  Roach  
  57  4:15  Drone, Extractor  
  59  4:19  Roach  
  59  4:21  Roach  
  63  4:28  Overlord, Roach  
  63  4:30  Roach  
  67  4:32  Drone  
  68  4:46  Overlord  
  68  4:49  Lair  
  68  4:53  Extractor  
  68  4:57  Drone x2  
  69  5:02  Roach  
  69  5:03  Roach x2  
  69  5:05  Roach  
  69  5:06  Overlord  
  77  5:08  Drone  
  80  5:14  Roach  
  80  5:22  Roach  
  80  5:23  Drone  
  67  5:43  Roach  
  67  5:44  Roach x2  
  67  5:45  Roach x2  
  77  5:56  Overseer  
  77  6:00  Drone x2  
  77  6:01  Roach x2  
  73  6:19  Hatchery  
  70  6:30  Spore Crawler  
  67  6:40  Drone x2  
  67  6:41  Drone x3  
  72  6:47  Overlord  
  72  6:49  Roach x2  
  72  6:53  Ravager x4  
  80  6:56  Ravager  
  80  6:57  Ravager  
  80  7:00  Drone  
  83  7:01  Drone  
  55  7:37  Roach  
  55  7:38  Roach x4  
  55  7:39  Roach x6  
  64  7:55  Overlord  
  62  8:01  Ravager x5  
  62  8:03  Drone  
  68  8:07  Overseer  
  68  8:15  Drone x4  
  72  8:21  Queen  
  72  8:24  Drone  
  77  8:27  Roach  
  77  8:32  Ravager x2  
  77  8:33  Ravager  
  80  8:34  Hatchery  
  80  8:36  Drone x3  
  80  8:40  Roach  
  84  8:46  Evolution Chamber  
  84  8:47  Drone  
  84  8:48  Drone x2  
  86  8:53  Glial Reconstitution  
  86  8:56  Metabolic Boost  
  86  8:59  Roach  
  86  9:02  Zergling x4  
  90  9:04  Drone  
  90  9:06  Drone  
  90  9:08  Drone  
  93  9:14  Zerg Ground Armor Level 1  
  94  9:45  Roach x2  
  94  9:46  Zergling x8, Roach  
  94  9:47  Drone  
  94  9:48  Drone x3  
  94  9:49  Overlord x3  
  94  9:50  Overlord x3  
  104  10:07  Queen  
  104  10:13  Spire  
  105  10:21  Infestation Pit  
  104  10:22  Pneumatized Carapace  
  104  10:25  Drone x2, Burrow  
  104  10:26  Drone x3  
  110  10:28  Drone  
  110  10:33  Hatchery, Roach x2  
  110  10:35  Drone  
  114  10:36  Drone  
  115  10:48  Roach x2  
  115  10:49  Roach x3  
  100  11:45  Drone x3  
  100  11:46  Drone x7  
  100  11:47  Drone x2  
  112  11:48  Mutalisk x5, Roach x3  
  112  11:49  Mutalisk x3  
  112  11:50  Overlord x5  
  112  11:51  Overlord x3  
  107  12:05  Roach x2  
  107  12:06  Roach x4  
  107  12:07  Drone x4  
  107  12:08  Drone  
  113  12:12  Mutalisk  
  115  12:17  Overseer  
  115  12:20  Drone x4  
  115  12:21  Drone  
  120  12:27  Spore Crawler  
  120  12:29  Spine Crawler  
  118  12:30  Spore Crawler  
  118  12:31  Spine Crawler  
  116  12:41  Mutalisk x2  
  120  12:45  Zergling x4  
  120  12:46  Zergling x8  
  126  12:55  Drone, Roach  
  126  12:56  Drone x6  
  126  12:58  Hatchery, Zergling x6  
  137  12:59  Zergling x2  
  138  13:08  Hatchery  
  135  13:28  Mutalisk x5  
  145  13:45  Roach x3  
  145  13:46  Drone x3  
  145  13:47  Zergling x12  
  145  13:48  Roach x3  
  156  14:05  Hive  
  156  14:07  Infestor  
  158  14:11  Zergling x8  
  158  14:14  Extractor  
  158  14:15  Extractor  
  160  14:19  Extractor  
  160  14:20  Extractor  
  156  14:43  Spine Crawler  
  156  14:45  Spine Crawler  
  151  14:50  Infestor  
  151  14:52  Neural Parasite  
  153  14:54  Infestor  
  153  14:55  Infestor  
  153  14:56  Zergling x18  
  153  14:59  Drone x3  
  169  15:02  Drone x4  
  169  15:03  Drone x6, Hatchery  
  169  15:04  Drone  
  179  15:07  Hatchery  
  179  15:08  Drone x2  
  180  15:19  Spore Crawler  
  179  15:21  Spine Crawler  
  179  15:24  Infestor x4  
  179  15:26  Roach x4  
  179  15:27  Drone, Roach  
  179  15:28  Drone x2  
  158  16:33  Infestor x6  
  158  16:34  Infestor x3  
  158  16:36  Pathogen Glands  
  158  16:37  Drone x3  
  158  16:38  Drone, Zergling x6  
  158  16:39  Zergling x16  
  172  16:40  Zergling x2  
  170  16:52  Infestor x2  
  170  16:55  Zergling x10  
  170  16:56  Zergling x4  
  170  16:57  Zergling x6  
  170  16:58  Zergling x16  
  146  17:28  Mutalisk x4  
  146  17:29  Mutalisk x4  
  162  17:30  Mutalisk  
  163  17:46  Extractor x2  
  161  17:55  Drone  
  161  17:56  Drone x3  
  161  17:57  Drone x3  
  168  18:03  Extractor  
  168  18:05  Extractor, Spine Crawler  
  165  18:06  Spine Crawler, Spore Crawler  
  165  18:09  Spine Crawler  
  154  18:13  Zerg Melee Weapons Level 1  
  154  18:17  Evolution Chamber  
  133  18:36  Drone x2  
  133  18:37  Drone x4  
  133  18:39  Mutalisk x3, Roach x4  
  133  18:40  Mutalisk x2, Roach  
  133  18:41  Corruptor  
  159  18:44  Zergling x8  
  165  18:57  Hatchery  
  156  19:18  Infestor x4  
  150  19:41  Mutalisk x3  
  150  19:42  Corruptor x4  
  150  19:43  Mutalisk  
  150  19:44  Mutalisk  
  150  19:45  Drone x4  
  170  19:46  Drone x2  
  169  20:12  Infestor x2  
  167  20:14  Zergling x8  
  167  20:15  Zergling x16  
  167  20:18  Extractor x2  
  167  20:30  Mutalisk x2  
  167  20:31  Zergling x8  
  167  20:32  Zergling x6  
  167  20:33  Drone x4  
  167  20:34  Drone x2  
  184  20:39  Drone  
  183  20:54  Extractor  
  183  20:55  Extractor  
  183  20:56  Spine Crawler  
  180  20:57  Spore Crawler  
Show
View Real Time Build Order
Export as new Build Order

Massa Terran - Winner!

Build Orders:  

Get SALT Encoding   

  12  0:00  SCV  
  13  0:12  SCV  
  14  0:17  Supply Depot  
  14  0:24  SCV  
  15  0:38  SCV  
  15  0:39  Barracks  
  16  0:47  Refinery  
  16  0:51  SCV  
  17  1:03  SCV  
  18  1:16  SCV  
  19  1:28  SCV  
  20  1:40  SCV  
  20  1:43  Reaper  
  22  1:48  Command Center  
  22  1:53  Orbital Command  
  22  2:01  Supply Depot  
  22  2:15  Marine  
  23  2:19  Factory  
  23  2:23  SCV  
  24  2:34  Barracks Reactor  
  24  2:35  SCV  
  25  2:43  Command Center  
  25  2:47  SCV  
  26  3:04  Orbital Command  
  26  3:12  Starport  
  26  3:19  Hellion x2  
  30  3:23  Barracks Tech Lab  
  30  3:35  SCV x2  
  30  3:40  Hellion x2  
  36  3:48  SCV x2  
  38  3:56  Refinery  
  38  3:57  Orbital Command, Engineering Bay  
  38  4:00  SCV x2, Barracks  
  40  4:03  Medivac  
  40  4:05  Hellion  
  44  4:18  Marauder  
  44  4:21  Hellion  
  48  4:27  Hellion, Missile Turret  
  48  4:28  SCV x2  
  52  4:35  Missile Turret  
  52  4:40  Marauder  
  54  4:58  Stimpack  
  54  5:01  Widow Mine, Marauder  
  54  5:05  SCV  
  54  5:06  SCV x2  
  61  5:12  Supply Depot  
  61  5:15  Supply Depot  
  61  5:21  Barracks Reactor, Supply Depot  
  61  5:28  Refinery  
  61  5:30  Refinery  
  61  5:34  Widow Mine, SCV x3  
  66  5:46  SCV x3  
  69  5:58  SCV x3  
  72  6:05  Viking  
  74  6:22  Marauder, Marine x2  
  78  6:32  Barracks, Terran Infantry Weapons Level 1  
  78  6:33  Factory Tech Lab, Barracks  
  78  6:35  Viking  
  80  6:40  Marine x2  
  80  6:43  Marauder  
  84  6:50  SCV  
  85  6:55  Orbital Command  
  85  7:39  Marine x2  
  85  7:40  SCV x2  
  85  8:06  Marauder  
  85  8:07  SCV, Marine  
  85  8:09  SCV, Marine  
  72  8:21  SCV  
  72  8:25  Marine  
  72  8:26  Marine  
  70  8:28  Marauder  
  73  8:37  Medivac  
  73  8:40  Barracks Reactor  
  75  8:42  SCV x3, Marine  
  75  8:44  Marine  
  80  8:49  Marauder, Siege Tank  
  80  8:50  Missile Turret  
  80  8:52  Missile Turret  
  85  9:05  Supply Depot x2  
  85  9:06  Supply Depot  
  85  9:12  Combat Shield  
  85  9:18  Terran Infantry Armor Level 1  
  85  9:21  SCV x2  
  85  9:22  SCV, Engineering Bay  
  85  9:23  Marine  
  85  9:25  Marine  
  85  9:27  Marauder, Medivac, Siege Tank  
  85  9:30  Supply Depot  
  92  9:31  Supply Depot  
  92  9:32  Supply Depot  
  92  9:33  SCV  
  92  9:34  Command Center  
  93  9:39  Command Center  
  93  9:41  Marine  
  93  9:42  Marine  
  93  9:44  SCV x2  
  97  9:45  SCV  
  97  9:48  Marauder  
  100  9:55  Supply Depot  
  100  9:56  SCV x2  
  100  9:57  Supply Depot  
  100  9:58  SCV  
  100  9:59  Supply Depot  
  103  10:00  Armory  
  103  10:04  Armory  
  103  10:10  Marauder  
  105  10:18  Liberator  
  105  10:19  Starport x2  
  108  10:23  Siege Tank  
  111  10:31  Marauder  
  111  10:33  SCV x3  
  116  10:37  Refinery  
  116  10:38  Refinery  
  116  10:45  SCV x3  
  116  10:47  Orbital Command  
  119  10:52  Missile Turret  
  119  10:55  Siege Tank  
  122  10:57  SCV x2  
  122  10:58  SCV  
  122  11:01  Liberator  
  128  11:08  Starport Reactor  
  128  11:09  Starport Tech Lab  
  128  11:14  Missile Turret  
  128  11:28  Siege Tank  
  131  11:36  Missile Turret  
  131  11:44  Liberator  
  96  12:04  Marauder, Marine  
  96  12:05  Marine x3  
  97  12:11  Barracks x2  
  97  12:14  Barracks  
  97  12:16  Planetary Fortress  
  97  12:18  SCV x2  
  97  12:19  SCV x2  
  97  12:22  Marine x2  
  102  12:23  Marine x2  
  102  12:25  Marauder  
  102  12:28  Missile Turret  
  106  12:30  SCV  
  106  12:31  SCV x3  
  110  12:40  Marine x4  
  113  12:47  Marauder  
  113  12:49  Missile Turret  
  113  12:57  Siege Tank  
  113  12:58  Marine x4  
  116  12:59  Missile Turret x2  
  115  13:08  Marauder  
  115  13:12  Missile Turret  
  116  13:21  Missile Turret  
  113  13:29  Siege Tank  
  113  13:30  Marauder  
  113  13:33  Missile Turret  
  118  13:44  Command Center  
  118  14:01  Siege Tank  
  121  14:09  Concussive Shells  
  121  14:14  Barracks Reactor, Barracks Tech Lab x2  
  121  14:17  Marauder, Marine  
  121  14:18  Marine x3  
  127  14:33  Liberator x2, Siege Tank  
  127  14:34  Liberator x2  
  127  14:35  Marine  
  127  14:36  Marine x3  
  146  14:38  Marauder  
  144  14:53  Marine x4  
  144  14:55  Marine x2  
  144  14:56  Marauder x2  
  144  14:58  Planetary Fortress  
  149  15:00  Marauder  
  149  15:05  Siege Tank  
  152  15:11  Marine x4  
  152  15:13  Marine x2  
  158  15:16  Liberator x4  
  158  15:17  Marauder x2  
  173  15:21  Marauder  
  156  15:28  Marine  
  156  15:29  Marine  
  156  15:31  Refinery  
  156  15:32  Terran Infantry Armor Level 2, Terran Infantry Weapons Level 2  
  156  15:34  Terran Vehicle And Ship Armor Level 1, Terran Vehicle Weapons Level 1  
  154  15:36  Refinery, Cloaking Field  
  154  15:37  Siege Tank  
  154  15:39  Marauder x2  
  154  15:41  Marine x4  
  167  15:43  Marauder  
  167  15:46  Marine  
  167  15:47  Marine  
  169  15:58  Marine  
  169  15:59  Marine x3, Liberator x4  
  169  16:00  Marauder  
  187  16:10  Marine  
  172  16:18  Command Center  
  172  16:27  Supply Depot  
  172  16:28  Supply Depot x2  
  172  16:29  Supply Depot  
  172  16:30  Supply Depot  
  172  16:31  Supply Depot  
  172  16:48  Viking x3  
  172  16:49  Liberator, Marauder x3, Marine  
  172  16:50  Siege Tank, Marine x5, Supply Depot  
  196  16:55  Hyperflight Rotors  
  196  16:58  Supply Depot  
  196  16:59  Supply Depot  
  196  17:00  Supply Depot  
  196  17:01  Supply Depot  
  196  17:03  Supply Depot  
  196  17:05  Supply Depot  
  196  17:07  Marine, Supply Depot  
  197  17:10  Marauder  
  197  17:12  Supply Depot  
  199  17:22  Supply Depot x2  
  199  17:27  Factory  
  199  17:28  Factory  
  196  17:31  Marauder, Factory x2  
  196  17:33  Factory x2  
  196  17:34  Supply Depot  
  198  17:55  Planetary Fortress  
  198  17:56  Refinery  
  198  18:00  Refinery, Terran Vehicle And Ship Armor Level 2, Terran Vehicle Weapons Level 2  
  198  18:02  Terran Infantry Weapons Level 3, Terran Infantry Armor Level 3  
  158  18:56  Corvid Reactor  
  158  18:59  Viking  
  158  19:00  Viking x2  
  144  19:53  Marauder x3, Marine x2  
  144  19:54  Marine x4  
  154  20:11  Marine x6  
  159  20:14  Marauder  
  159  20:15  Marauder x2  
  163  20:26  Viking x2  
  163  20:27  Viking x2  
  165  20:29  Marine x6  
  167  20:35  Marauder  
  167  20:36  Marauder x2  
  167  20:38  Factory Tech Lab x3  
  167  20:39  Factory Tech Lab x3  
Tags
 
Add a new tag
Caveats
  • Supply blocks, unpowered buildings, or Contaminate may cause inaccurate times.
  • Supply counts are checked every 10 seconds.